 Dungeon Crawl Stone Soup version 0.17.1-1-g73c8601 (console) character file.

61 Kloppie the Skirmisher (level 3, -4/36 HPs)
             Began as a Minotaur Berserker on Dec 20, 2015.
             Was a Believer of Trog.
             Slain by an orc priest
             ... wielding a +0 flail
              (5 damage)
             ... on level 3 of the Dungeon.
             The game lasted 00:02:17 (1612 turns).

Kloppie the Skirmisher (Minotaur Berserker)         Turns: 1612, Time: 00:02:17

Health: -4/36      AC:  8    Str: 21    XL:     3   Next: 83%
Magic:  2/2        EV:  8    Int:  4    God:    Trog [**....]
Gold:   132        SH:  0    Dex: 10    Spells: 0 memorised, 2 levels left

rFire  . . .     SeeInvis .     a - +0 hand axe
rCold  . . .     Clarity  .     p - +0 chain mail
rNeg   . . .     SustAt   +     (no shield)
rPois  .         Gourm    .     (helmet restricted)
rElec  .         Spirit   .     (no cloak)
rCorr  .         Warding  .     (no gloves)
rMut   .         Stasis   .     (no boots)
MR     .....                    (no amulet)
Stlth  ..........               (no ring)
                                s - ring of sustain attributes

@: confused, not resistant to hostile enchantments, extremely unstealthy
A: retaliatory headbutt, horns 2
a: Berserk, Trog's Hand, Burn Spellbooks, Renounce Religion


You were on level 3 of the Dungeon.
You worshipped Trog.
Trog was pleased with you.
You were not hungry.

You visited 1 branch of the dungeon, and saw 3 of its levels.

You collected 132 gold pieces.

Inventory:

Hand Weapons
 a - a +0 hand axe (weapon)
Armour
 p - a +0 chain mail (worn)
Jewellery
 s - a ring of sustain attributes (left hand)
Scrolls
 b - a scroll of random uselessness {unknown}
 e - a scroll of teleportation {unknown}
 f - a scroll of enchant armour {unknown}
 j - 2 scrolls of fear {unknown}
 k - a scroll of blinking {unknown}
 m - a scroll of fog {unknown}
 n - a scroll of noise {unknown}
 q - a scroll of amnesia {unknown}
 r - 2 scrolls of remove curse {unknown}
 t - a scroll of identify {unknown}
Potions
 g - 2 potions of heal wounds {unknown}
 l - a potion of ambrosia {unknown}
 o - a potion of degeneration {unknown}
Comestibles
 c - 2 bread rations
 d - 2 slices of pizza
 h - 11 fruits
 i - 2 meat rations
 u - 3 chunks of flesh


   Skills:
 + Level 5.0 Fighting
 + Level 4.7 Axes
 - Level 2.4 Armour
 - Level 2.1 Dodging


You had 2 spell levels left.
You didn't know any spells.

Dungeon Overview and Level Annotations

Branches:
Dungeon (3/15)

Altars:
Fedhas


Innate Abilities, Weirdness & Mutations

You reflexively headbutt those who attack you in melee.
You have a pair of horns on your head.


Message History

You closely miss the orc.
The orc is moderately wounded.
The orc closely misses you.
You closely miss the orc.
The orc is moderately wounded.
You completely miss something. You hit the orc.
The orc is severely wounded.
You closely miss something. You miss the orc priest.
The orc priest hits you but does no damage.
You bump into the rock wall.
Something hits you but does no damage. The orc priest hits you with a flail.
* * * LOW HITPOINT WARNING * * *
You bump into the rock wall.
You hear some strange, mumbled words.
A puff of flame appears from out of thin air!
The puff of flame hits you!
* * * LOW HITPOINT WARNING * * *
The orc hits you but does no damage. The orc priest hits you with a flail.
You die...

#...# #...# ...
#...# ).. #...# ...
#...## #.# ##
#..<.# #b# ...
###..# #.# ....
#..###.# .....
##...##@###......
#.....o.ooo...... #
#.)#.##.##.......
..
#..#.#...........
#.#..†....##.......
#...†##...# .###.##
##........# .# #
#....###.#..# .#
#.##. #.#.># ..


You could see an orc priest, 3 orcs and a bat.

Vanquished Creatures
  An adder (D:3)
  A worm (D:1)
  2 giant geckos (D:1)
  2 ball pythons (D:2)
  6 bats
  5 hobgoblins
  6 jackals
  5 giant cockroaches
  2 giant newts
  6 goblins
  3 kobolds (D:2)
  5 rats
44 creatures vanquished.

Notes
Turn   | Place    | Note
--------------------------------------------------------------
     0 | D:1      | Kloppie the Minotaur Berserker began the quest for the Orb.
     0 | D:1      | Reached XP level 1. HP: 19/19 MP: 0/0
    95 | D:1      | Reached skill level 4 in Fighting
   104 | D:1      | Reached XP level 2. HP: 24/27 MP: 1/1
   845 | D:2      | Reached XP level 3. HP: 29/34 MP: 2/2
   846 | D:2      | Reached ** piety under Trog
  1162 | D:2      | Found a blossoming altar of Fedhas.
  1574 | D:3      | Reached skill level 5 in Fighting
  1612 | D:3      | HP: 1/36 [something/puff of flame (6)]
  1612 | D:3      | Slain by an orc priest

Action                   || total
-------------------------++-------
Melee: Hand axe          ||    81
 Stab: Sleeping          ||     1
  Eat: Chunk             ||     2
